 Dungeon Crawl Stone Soup version 0.21-a0-154-gb5400c9 (webtiles) character file.

131 FrankyJ the Magician (level 4, 0/35 HPs)
             Began as a Minotaur Transmuter on Aug 2, 2017.
             Slain by zcamperz's ghost (8 damage)
             ... on level 3 of the Dungeon.
             The game lasted 00:04:37 (2565 turns).

FrankyJ the Magician (Minotaur Transmuter)          Turns: 2565, Time: 00:04:37

Health: 0/35       AC:  3    Str: 20    XL:     4   Next: 91%
Magic:  4/8        EV: 12    Int: 11    God:
Gold:   98         SH:  0    Dex: 10    Spells: 5/9 levels left

rFire    . . .     SeeInvis .     - Unarmed
rCold    . . .     Gourm    .   (no shield)
rNeg     . . .     Faith    .   b - +0 robe
rPois    .         Spirit   .   n - +1 hat
rElec    .         Reflect  .   (no cloak)
rCorr    .         Harm     .   (no gloves)
MR       .....                  (boots currently unavailable)
Stlth    +.........             (no amulet)
HPRegen  0.11/turn              e - ring of wizardry
MPRegen  0.11/turn              o - ring of wizardry

@: mighty, appendage
A: retaliatory headbutt, horns 2, talons 3
a: End Transformation


You were on level 3 of the Dungeon.
You were not hungry.
You had grown temporary talons.
You visited 1 branch of the dungeon, and saw 3 of its levels.

You collected 98 gold pieces.

Inventory:

Missiles
 a - 12 arrows
Armour
 b - a +0 robe (worn)
 g - a +0 ring mail
 n - a +1 hat (worn)
Jewellery
 e - a ring of wizardry (left hand)
 o - a ring of wizardry (right hand)
Scrolls
 k - 2 scrolls of random uselessness {unknown}
 l - 3 scrolls of identify
 m - 2 scrolls of amnesia {unknown}
 s - a scroll of enchant weapon {unknown}
 t - a scroll of magic mapping {unknown}
 u - a scroll of teleportation {unknown}
Potions
 i - a potion of curing {unknown}
 p - 2 potions of lignification
 q - a potion of flight {unknown}
 r - a potion of mutation {unknown}
Books
 c - a book of Changes

   Spells                             Type                      Level
   a - Beastly Appendage              Transmutation                1
   b - Sticks to Snakes               Transmutation                2
   c - Spider Form                    Transmutation/Poison         3
   d - Ice Form                       Ice/Transmutation            4
   e - Blade Hands                    Transmutation                5
Comestibles
 d - 4 bread rations
 f - 3 meat rations
 j - 2 royal jellies


   Skills:
 - Level 1.2 Fighting
 - Level 2.1 Dodging
 - Level 3.2 Unarmed Combat
 + Level 3.4 Spellcasting
 - Level 2.0 Transmutations


You had 5 spell levels left.
You knew the following spells:

 Your Spells              Type           Power        Failure   Level  Hunger
a - Beastly Appendage     Tmut           #.....       3%          1    #......
b - Spider Form           Tmut/Pois      #.........   13%         3    ###....


Dungeon Overview and Level Annotations

Branches:
Dungeon (3/15)

Altars:
Hepliaklqana
Makhleb
Trog
Xom

Annotations:
D:2 2 transporters
D:3 zcamperz's ghost, amateur DsWz


Innate Abilities, Weirdness & Mutations

You reflexively headbutt those who attack you in melee.
You have a pair of horns on your head.
You have claws for feet.


Message History

The magic dart hits you!
* * * LOW HITPOINT WARNING * * *
The crimson imp sputters.
Okay, then.
As you read the scroll labeled PISUGU CIGUCVE, it crumbles to dust.
It is a scroll of identify.
p - 2 potions of lignification Your transformation has ended.
Your +1 hat unmelds from your body.
Your +0 robe unmelds from your body.
It was a potion of might.
You feel very mighty all of a sudden. Zcamperz's ghost hits you.
* * * LOW HITPOINT WARNING * * *
You hit zcamperz's ghost.
Zcamperz's ghost is moderately damaged.
Zcamperz's ghost hits you but does no damage.
Casting: Spider Form
Confirm with . or Enter, or press ? or * to list all spells.
Your feet morph into talons.
Zcamperz's ghost hits you!
You die...

#. #. #.# .. #.# ##. #.# ..
#.# ######. #5#
.......###.#
#...#5#############
#.#..5JW@.........#
...#...#5###########.#####
..........#...#.....#.....#
.######.###.#.#.###.#.....#
.... #.#.....#.#.....#
###.# #.#.#.#.#.#.##### ..#
#.#.#...#.#.#
..#.#.#.#####.#.#
...#.#.#.........#


You could see zcamperz's ghost, 2 crimson imps, an ooze and a shadow imp.

Vanquished Creatures
  An orc priest (D:3)
  A centaur skeleton (D:3)
  An adder (D:2)
  2 dart slugs
  2 leopard geckos (D:2)
  8 orcs
  7 bats
  3 giant cockroaches
  4 goblins
  3 hobgoblins (D:2)
  3 quokkas
  A frilled lizard (D:1)
  8 kobolds
  8 rats
52 creatures vanquished.

Notes
Turn   | Place    | Note
-------+----------+-------------------------------------------
     0 | D:1      | FrankyJ the Minotaur Transmuter began the quest for the Orb.
     0 | D:1      | Reached XP level 1. HP: 16/16 MP: 1/1
   453 | D:1      | Reached XP level 2. HP: 23/23 MP: 3/3
  1082 | D:2      | Found a bloodstained altar of Trog.
  1092 | D:2      | Reached XP level 3. HP: 18/28 MP: 3/5
  1267 | D:2      | Learned a level 3 spell: Spider Form
  1300 | D:2      | Found a transporter.
  1561 | D:2      | Found a burning altar of Makhleb.
  1689 | D:2      | Found a transporter.
  1698 | D:2      | Found a hazy altar of Hepliaklqana.
  1979 | D:3      | Reached XP level 4. HP: 25/35 MP: 3/7
  2430 | D:3      | Found a shimmering altar of Xom.
  2550 | D:3      | Noticed zcamperz's ghost (amateur DsWz)
  2565 | D:3      | Slain by zcamperz's ghost

Vault maps used:
D:1:      moated_graveyard_arrival
D:2:      gammafunk_temple_overflow_arena, nicolae_overflow_hidden_temple,
          trog_three_pillars_becter
D:3:      vehumet_crystals, brannock_xom_greatest_gift, first_bread

Skill      XL: |  1  2  3  4 |
---------------+-------------+-----
Transmutations | 2 |  2.0
Spellcasting   | 2 3 |  3.4
Fighting       | |  1.2
Dodging        | |  2.1
Unarmed Combat | |  3.2

Action                   |  1- 3 |  4- 6 || total
-------------------------+-------+-------++-------
Melee: Unarmed           |   105 |    40 ||   145
       Headbutt          |    12 |     2 ||    14
       Kick              |     1 |       ||     1
       Punch             |     1 |       ||     1
 Cast: Beastly Appendage |     3 |     1 ||     4
       Spider Form       |     5 |     5 ||    10
  Use: Scroll            |       |     1 ||     1
       Potion            |       |     1 ||     1
  Eat: Chunk             |     4 |     3 ||     7
Armor: Robe              |    13 |     2 ||    15
       Skin              |     2 |       ||     2
Dodge: Dodged            |    81 |    23 ||   104
